 Dungeon Sprint DCSS version 0.28-a0-239-g68911e0c57 (webtiles) character file.

Game seed: 15280534539744756364

2247 MikeHunt the Cleaver (level 9, 0/69 HPs)
             Began as a Palentonga Fighter on Aug 23, 2021.
             Was a High Priest of Okawaru.
             Slain by a water elemental (14 damage)
             ... in the Dungeon (Sprint VII: "The Pits").
             The game lasted 00:03:09 (997 turns).

MikeHunt the Cleaver (Palentonga Fighter)            Turns: 997, Time: 00:03:10

Health: 0/69       AC: 17    Str: 20    XL:     9   Next: 15%
Magic:  15/16      EV: 11    Int:  8    God:    Okawaru [*****.]
Gold:   0          SH: 13    Dex: 13    Spells: 8/8 levels left

rFire   . . .      SeeInvis +   a - +0 war axe
rCold   . . .      Faith    .   c - +0 kite shield
rNeg    . . .      Spirit   .   l - +3 ring mail
rPois   .          Reflect  .   (no helmet)
rElec   .          Harm     .   (no cloak)
rCorr   .          Rampage  .   (no gloves)
Will    .....      NoTele   +   (no barding)
Stlth   ++........              (no amulet)
HPRegen 0.21/turn               (no ring)
MPRegen 0.15/turn               (no ring)

@: mighty, heroic, very slightly contaminated, invisible, curled up
A: large, rugged brown scales 3, see invisible, deformed body, roll 1, armoured
tail, reflexive curl
a: Rolling Charge, Renounce Religion, Heroism, Finesse, Duel


You were in the Dungeon.
You worshipped Okawaru.
Okawaru was extremely pleased with you.
You visited 1 branch

Inventory:

Hand Weapons
 a - a +0 war axe (weapon)
Armour
 b - a +0 scale mail
 c - a +0 kite shield (worn)
 l - a +3 ring mail (worn)
Scrolls
 j - a scroll of blinking
Potions
 e - 4 potions of curing
 g - a potion of haste
 h - 4 potions of magic


   Skills:
 + Level 3.8(8.8) Fighting
 + Level 14.7(19.7) Axes
 + Level 3.1(8.1) Armour
 + Level 1.6(6.6) Dodging
 - Level 9.0(14.0) Shields
 - Level 10.0 Invocations


You had 8 spell levels left.
You didn't know any spells.
Your spell library was empty.

Dungeon Overview and Level Annotations

Branches:
Dungeon (1/1)

Altars:
Ashenzari
Cheibriados
Dithmenos
Elyvilon
Fedhas
Gozag
Hepliaklqana
Kikubaaqudgha
Makhleb
Nemelex Xobeh
Okawaru
Qazlal
Ru
Sif Muna
Trog
Uskayaw
Vehumet
Wu Jian
Xom
Yredelemnul
Zin
The Shining One
Beogh
Jiyva
Lugonu


Innate Abilities, Weirdness & Mutations

You are completely covered in rugged brown scales. (AC +3, +7% HP)
You have supernaturally acute eyesight. (SInv)
Armour fits poorly on your strangely shaped body.
You can roll at nearby foes to attack.
You have a long armoured tail.
You curl defensively after being hit.


Message History

Increase (S)trength, (I)ntelligence, or (D)exterity?
You feel agile.
Unknown command.
You closely miss the water elemental.
The water elemental is heavily damaged.
You are engulfed in a cloud of scalding steam.
The water elemental is engulfed in a cloud of scalding steam.
You block the water elemental's attack.
You catch the helpless water elemental completely off-guard!
You slash the water elemental!
The water elemental is almost destroyed.
You are engulfed in a cloud of scalding steam.
You slash the water elemental!
You destroy the water elemental!
Okawaru accepts your kill.
You are engulfed in a cloud of scalding steam.
* * * LOW HITPOINT WARNING * * *
The water elemental is engulfed in a cloud of scalding steam.
Your base Dodging skill increases to level 1!
You slice the water elemental!! You tail-slap the water elemental!
The water elemental is almost destroyed.
The water elemental is engulfed in a cloud of scalding steam.
The water elemental is destroyed!
Your base Armour skill increases to level 3!
The ogre is engulfed in a cloud of scalding steam.
There is an open door, spattered with blood here.
Things that are here:
a +0 dagger; a +0 robe You slice the water elemental!!
The water elemental is moderately damaged.
The water elemental barely misses you.
The sky beast flickers out of sight for a moment.
You slash the water elemental!
The water elemental is severely damaged.
You block the water elemental's attack.
You catch the helpless water elemental completely off-guard!
You slash the water elemental!
The water elemental is almost destroyed.
The water elemental hits you!
You die...

#.#........##.......#
#.#........##.......#
#'###########.......#
#)).....#.. #########
#)......#.# ####
#...#...#)#....#
#..###..#)#O...#
#...#...#.EY...+
#.......#@#....#
#.......'.# ...#
########### ###


You could see a water elemental, a sky beast (invisible) and an ogre.

Vanquished Creatures
  Josephine (D)
  A merfolk aquamancer (D)
  A water elemental (D)
  A fire bat (D)
  An ice beast (D)
  A kobold brigand (D)
  A gnoll sergeant (D)
  2 scorpions (D)
  2 wights (D)
  A crimson imp (D)
  A river rat (D)
  7 gnolls (D)
  A worm (D)
  An orc (D)
  A ball python (D)
  A bat (D)
  A goblin (D)
  4 jackals (D)
  A ball python zombie (D)
  A rat (D)
31 creatures vanquished.

Vanquished Creatures (others)
  A water elemental (D)
1 creature vanquished.

Grand Total: 32 creatures vanquished

Notes
Turn   | Place    | Note
-------+----------+-------------------------------------------
     0 | D        | MikeHunt the Palentonga Fighter began the quest for the
                  | Orb.
     0 | D        | Reached XP level 1. HP: 19/19 MP: 1/1
    13 | D        | Reached skill level 3 in Axes
    13 | D        | Reached XP level 2. HP: 23/25 MP: 2/2
    16 | D        | Found a bloodstained altar of Trog.
    16 | D        | Found a shimmering blue altar of Sif Muna.
    16 | D        | Found a viscous altar of Jiyva.
    16 | D        | Found a hazy altar of Hepliaklqana.
    16 | D        | Found an opulent altar of Gozag.
    17 | D        | Found a glowing golden altar of the Shining One.
    17 | D        | Found a glowing silver altar of Zin.
    17 | D        | Found a basalt altar of Yredelemnul.
    17 | D        | Found a shimmering altar of Xom.
    17 | D        | Found an ornate altar of the Wu Jian Council.
    17 | D        | Found a sacrificial altar of Ru.
    17 | D        | Found a stormy altar of Qazlal.
    17 | D        | Found an iron altar of Okawaru.
    17 | D        | Found a sparkling altar of Nemelex Xobeh.
    17 | D        | Found a burning altar of Makhleb.
    17 | D        | Found a blossoming altar of Fedhas.
    17 | D        | Found a white marble altar of Elyvilon.
    17 | D        | Found a shadowy altar of Dithmenos.
    17 | D        | Found a snail-covered altar of Cheibriados.
    18 | D        | Found a radiant altar of Vehumet.
    18 | D        | Found a corrupted altar of Lugonu.
    19 | D        | Found a hide-covered altar of Uskayaw.
    19 | D        | Found an ancient bone altar of Kikubaaqudgha.
    19 | D        | Found a broken altar of Ashenzari.
    23 | D        | Became a worshipper of Warmaster Okawaru
    60 | D        | Reached skill level 4 in Axes
   191 | D        | Noticed a scorpion
   198 | D        | Killed a scorpion
   199 | D        | Reached skill level 6 in Axes
   199 | D        | Reached skill level 5 in Shields
   199 | D        | Reached XP level 3. HP: 31/31 MP: 3/3
   199 | D        | Reached XP level 4. HP: 37/37 MP: 4/4
   301 | D        | Noticed a gnoll sergeant
   302 | D        | Noticed an ice beast
   302 | D        | Noticed a kobold brigand
   325 | D        | Killed an ice beast
   325 | D        | Reached * piety under Okawaru
   326 | D        | Reached skill level 7 in Axes
   326 | D        | Reached XP level 5. HP: 33/43 MP: 5/5
   337 | D        | Reached skill level 8 in Axes
   342 | D        | Reached skill level 9 in Axes
   342 | D        | Reached XP level 6. HP: 37/50 MP: 6/6
   342 | D        | Reached ** piety under Okawaru
   549 | D        | Noticed Josephine
   580 | D        | Killed Josephine
   580 | D        | Reached *** piety under Okawaru
   581 | D        | Reached skill level 12 in Axes
   581 | D        | Gained mutation: You curl defensively after being hit.
                  | [Palentonga growth]
   581 | D        | Reached XP level 7. HP: 18/55 MP: 6/13
   581 | D        | Reached XP level 8. HP: 20/62 MP: 6/14
   825 | D        | Reached **** piety under Okawaru
   976 | D        | Noticed a merfolk aquamancer
   989 | D        | Killed a merfolk aquamancer
   989 | D        | Reached ***** piety under Okawaru
   990 | D        | Reached skill level 14 in Axes
   990 | D        | Reached skill level 10 in Invocations
   990 | D        | Reached XP level 9. HP: 13/67 MP: 14/16
   993 | D        | Reached skill level 1 in Dodging
   997 | D        | Slain by a water elemental

Illustrated notes

Levels and vault maps discovered:
D:        pitsprint [storerooms_1, entrance_room_1, metal_vault_6, armoury_1,
          mini_pit_1, grid_room_1, main_hall_1, silver_pit, the_coven_1,
          the_vestibule_1, steel_vault_1, golden_pit, hallway_of_sentries,
          crystal_vault_1, iron_vault_1, final_vault]

Skill      XL: |  1  2  3  4  5  6  7  8  9 |
---------------+----------------------------+-----
Axes           | 3 6 7 9 12 14 | 14.7
Shields        | 3 5 6 7 9 |  9.0
Invocations    | 8 10 | 10.0
Dodging        | 1 |  1.6
Armour         | 3 |  3.1
Fighting       | |  3.8

Action                   |  1- 3 |  4- 6 |  7- 9 || total
-------------------------+-------+-------+-------++-------
Melee: War axe           |    17 |    67 |    31 ||   115
       Tailslap          |     5 |     9 |     7 ||    21
Invok: Heroism           |       |     1 |     2 ||     3
  Use: Potion            |     1 |     9 |     4 ||    14
 Stab: Invisible         |       |     2 |     2 ||     4
Armor: Scale mail        |     9 |       |       ||     9
       Ring mail         |       |    28 |     4 ||    32
Dodge: Dodged            |     5 |    31 |     4 ||    40
Block: Kite shield       |    11 |    42 |    16 ||    69

Table legend: (Time is in decaauts)
 A = Elapsed time spent in this place.
 B = Non-inter-level travel time spent in this place.
 C = Inter-level travel time spent in this place.
 D = Time resting spent in this place.
 E = Time spent auto-exploring this place.
 F = Levels seen in this place.
 G = Mean time per level.
                   A        B        C        D        E       F      G
               +--------+--------+--------+--------+--------+-----+--------+
         Total |   1031 |   1031 |      0 |    757 |      0 |   1 | 1031.0 |
       Dungeon |   1031 |   1031 |      0 |    757 |      0 |   1 | 1031.0 |
               +--------+--------+--------+--------+--------+-----+--------+

Top non-repeatable levels by time:
       D: 1031 daAuts
